 Dungeon Crawl Stone Soup version 0.24-a0-355-gbe4061de67 (console) character file.

Game seed: 4439184995150068877

25 Voker57 the Skirmisher (level 2, -3/23 HPs)
             Began as a Demonspawn Wanderer on May 24, 2019.
             Slain by a centaur (5 damage)
             ... on level 1 of the Dungeon.
             The game lasted 00:02:02 (756 turns).

Voker57 the Skirmisher (Demonspawn Wanderer)         Turns: 756, Time: 00:02:03

Health: -3/23      AC:  5    Str: 11    XL:     2   Next: 82%
Magic:  0/5        EV:  9    Int: 14    God:
Gold:   74         SH:  0    Dex: 12    Spells: 4/5 levels left

rFire    . . .     SeeInvis .   a - +0 dagger
rCold    . . .     Gourm    .   (no shield)
rNeg     . . .     Faith    .   c - +0 ring mail
rPois    .         Spirit   +   (no helmet)
rElec    .         Reflect  .   (no cloak)
rCorr    .         Harm     .   (no gloves)
MR       .....                  (no boots)
Stlth    +.........             (no amulet)
HPRegen  0.07/turn              (no ring)
MPRegen  0.09/turn              (no ring)

@: very slightly contaminated
A: magic shield
a: no special abilities


You were on level 1 of the Dungeon.
You were not hungry.

You visited 1 branch of the dungeon, and saw 2 of its levels.

You collected 74 gold pieces.

Inventory:

Hand Weapons
 a - a +0 dagger (weapon)
Armour
 c - a +0 ring mail (worn)
 g - a scarf of repulsion
Scrolls
 h - a scroll of remove curse {unknown}
Comestibles
 f - 3 rations
 i - 4 chunks of flesh


   Skills:
 + Level 2.9 Fighting
   Level 1.0 Bows
 - Level 1.0 Throwing
 - Level 2.6 Armour
 - Level 1.0 Stealth
 - Level 2.0 Spellcasting
   Level 1.0 Translocations


You had 4 spell levels left.
You knew the following spells:

 Your Spells              Type           Power        Failure   Level  Hunger
a - Magic Dart            Conj           #...         47%         1    ##.....

Your spell library contained the following spells:

 Spells                   Type           Power        Failure   Level  Hunger
 Blink                    Tloc           N/A          47%         2    ###....
 Call Imp                 Summ           #.......     63%         2    ###....
 Slow                     Hex            #.......     63%         2    ###....
 Conjure Flame            Conj/Fire      #.......     85%         3    ####...
 Mephitic Cloud           Conj/Pois/Air  #.......     85%         3    ####...


Dungeon Overview and Level Annotations

Branches:
Dungeon (2/15)

Altars:


Innate Abilities, Weirdness & Mutations

When hurt, damage is shared between your health and your magic reserves.


Message History

The centaur hits you. x2
* * * LOW HITPOINT WARNING * * *
You hit the centaur but do no damage. The centaur hits you.
* * * LOW HITPOINT WARNING * * *
You aren't carrying any potions.
As you read the scroll labeled HOIFUTH TECA, it crumbles to dust.
It is a scroll of identify.
g - a scarf of repulsion The centaur closely misses you. x2
You aren't carrying any pieces of jewellery.
Wear which item? (? for menu, Esc to quit)
The centaur hits you but does no damage.
Keep equipping yourself?
You start putting on your armour.
You continue putting on your scarf of repulsion.
The centaur completely misses you.
The centaur hits you but does no damage.
You continue putting on your scarf of repulsion.
The centaur hits you.
You die...

#####...# ### #.......# #.......#
#.# ##....>..# ..###...# #.######
#........#
.#####.#####......###........#
##...........####.##.........# ##
...##.######.#.......#######.# #.
#####.######.#........## #.# #.
....................#..# #)# #.
#.....#####..#..c...##.# #.###.
#.##### ##..#..@)..##.## #.##..
#)# ##...#......##..# #....#
#.#######..#.#......###.# ##...#
#.##.......#........# #.### #.#).
..##.......##.####### #...###.##.
.###.......##.# ###.##..#..
...........##.# #....#...
.##........##÷######## ###.......
.###.......÷(........###.......#.
## #.................#...#.#####.


You could see a centaur.

Vanquished Creatures
  A dart slug (D:1)
  3 bats (D:1)
  2 giant cockroaches (D:1)
  3 goblins
  4 hobgoblins (D:1)
  2 jackals (D:1)
  2 kobolds (D:1)
  3 rats (D:1)
20 creatures vanquished.

Notes
Turn   | Place    | Note
-------+----------+-------------------------------------------
     0 | D:1      | Voker57 the Demonspawn Wanderer began the quest for the
                  | Orb.
     0 | D:1      | Voker57 set off with the following items: a +0 dagger, a
                  | potion of lignification, a +0 ring mail, a ration; and the
                  | following spell memorised: Magic Dart; and the following
                  | spells available to memorise: Blink, Call Imp, Slow,
                  | Conjure Flame, Mephitic Cloud
     0 | D:1      | Reached XP level 1. HP: 15/15 MP: 3/3
   191 | D:1      | Gained mutation: When hurt, damage is shared between your
                  | health and your magic reserves. [demonic ancestry]
   191 | D:1      | Reached XP level 2. HP: 15/22 MP: 5/5
   722 | D:2      | Noticed a centaur
   752 | D:1      | HP: 1/23 [centaur (3)]
   756 | D:1      | Slain by a centaur

Levels and vault maps discovered:
D:1:      ebering_hopf_link, layout_rooms
D:2:      cheibrodos_fertilizer, layout_basic, first_ration

Skill      XL: |  1 |
---------------+----+-----
Fighting       | 2 |  2.9
Bows           | |  1.0
Throwing       | |  1.0
Armour         | |  2.6
Stealth        | |  1.0
Spellcasting   | |  2.0
Translocations | |  1.0

Action                   || total
-------------------------++-------
Melee: Dagger            ||   120
 Cast: Magic Dart        ||     8
  Use: Scroll            ||     5
       Potion            ||     2
Armor: Ring mail         ||    57
       Skin              ||    33
Dodge: Dodged            ||    60

Table legend:
 A = Non-vault XP
 B = Vault XP
 C = Vault XP percentage of total XP
 D = Non-vault monster count
 E = Vault monster count
 F = Vault count percentage of total count
                 A         B        C        D         E       F
            +---------+---------+-------+---------+---------+-------
      Total |      36 |       0 |   0.0 |      20 |       0 |   0.0
            +---------+---------+-------+---------+---------+-------
        D:1 |      34 |       0 |   0.0 |      19 |       0 |   0.0
        D:2 |       2 |       0 |   0.0 |       1 |       0 |   0.0
            +---------+---------+-------+---------+---------+-------
